 Dungeon Crawl Stone Soup version 0.32-a0-814-g0968bab981 (webtiles) character file.

Game seed: 16851840308028617606

6153 cforsyth the Cleaver (level 10, 0/90 HPs)
             Began as a Mountain Dwarf Cinder Acolyte on Mar 22, 2024.
             Was a High Priest of Ignis.
             Slain by a wyvern (10 damage)
             ... on level 8 of the Dungeon.
             The game lasted 00:14:16 (10786 turns).

cforsyth the Cleaver (MDCA)                        Turns: 10786, Time: 00:14:17

Health: 0/90       AC: 17    Str: 21    XL:     10   Next: 59%
Magic:  15/26      EV:  5    Int: 21    God:    Ignis [*****.]
Gold:   473        SH:  0    Dex:  5    Spells: 17/19 levels left

rFire   + . .        a - -1 hand axe (flame)
rCold   . . .        (no shield)
rNeg    . . .        u - +0 plate armour
rPois   .            i - +1 helmet
rElec   .            r - +0 cloak
rCorr   .            (no gloves)
SInv    .            (no boots)
Will    +....        (no amulet) Stlth
                     I - +6 ring of intelligence
HPRegen 0.35/turn    M - ring of magical power
MPRegen 0.20/turn

%: no passive effects
@: no status effects
A: runic magic, artefact enchanting
a: Renounce Religion, Fiery Armour, Foxfire Swarm, Rising Flame


You were on level 8 of the Dungeon.
You worshipped Ignis.
Ignis was extremely pleased with you.
You visited 1 branch of the dungeon, and saw 9 of its levels.

You collected 473 gold pieces.


Innate Abilities, Weirdness & Mutations

Your spellcasting is much less encumbered by armour.
You can use scrolls of enchantment on lesser artefacts.


   Skills:
 + Level 8.9 Fighting
 + Level 9.7 Axes
 + Level 8.0 Armour
 - Level 5.0 Spellcasting
 + Level 9.7 Fire Magic


You had 17 spell levels left.
You knew the following spells:

 Your Spells              Type           Power      Damage    Failure   Level
X - Scorch                Fire           92%        2d8       1%          2

Your spell library contained the following spells:

 Spells                   Type           Power      Damage    Failure   Level
 Sandblast                Erth           10%        2d5       22%         1
 Jinxbite                 Hex            10%        N/A       32%         2
 Static Discharge         Conj/Air       10%        3-4/arc   32%         2
 Hailstorm                Conj/Ice       5%         3d5       54%         3
 Stone Arrow              Conj/Erth      10%        3d7       54%         3
 Summon Ice Beast         Ice/Summ       5%         N/A       54%         3
 Anguish                  Hex/Necr       2%         N/A       91%         4
 Brom's Barrelling Bould  Conj/Erth      5%         2d3       91%         4
 Cause Fear               Hex            2%         N/A       91%         4
 Leda's Liquefaction      Alch/Erth      2%         N/A       91%         4
 Summon Forest            Summ/Tloc      2%         N/A       99%         5
 Summon Mana Viper        Hex/Summ       5%         N/A       99%         5
 Yara's Violent Unravell  Hex/Alch       2%         3d3       99%         5
 Permafrost Eruption      Ice/Erth       2%         2x4d2     100%        6
 Sculpt Simulacrum        Ice/Alch       2%         N/A       100%        6
 Summon Cactus Giant      Summ           2%         N/A       100%        6
 Enfeeble                 Hex            2%         N/A       100%        7

Inventory:

Hand Weapons
 a - a -1 hand axe of flaming (weapon)
 y - a +0 war axe
Armour
 i - a +1 helmet (worn)
 r - a +0 cloak (worn)
 u - a +0 plate armour (worn)
 v - a +0 hat of see invisible
Jewellery
 C - a ring of ice
 D - a +6 ring of dexterity
 F - a ring of fire
 I - a +6 ring of intelligence (left hand)
 M - a ring of magical power (right hand)
 S - a +6 ring of strength
Wands
 c - a wand of paralysis (8)
 w - a wand of iceblast (24)
 x - a wand of polymorph (10)
Scrolls
 d - 3 scrolls of teleportation {@r2}
 e - 2 scrolls of torment {unknown}
 f - 2 scrolls of noise {unknown}
 g - 2 scrolls of amnesia {unknown}
 k - 2 scrolls of revelation {unknown}
 o - 2 scrolls of vulnerability {unknown}
 s - a scroll of acquirement {unknown}
 t - a scroll of fog {unknown}
 G - a scroll of poison {unknown}
Potions
 b - 2 potions of attraction
 h - 2 potions of curing {@q1}
 j - 4 potions of heal wounds {@q2}
 l - a potion of might
 m - a potion of berserk rage {unknown}
 n - 2 potions of ambrosia
 p - a potion of lignification
 q - 2 potions of invisibility
 z - 3 potions of mutation
 A - a potion of haste {unknown}
 B - a potion of brilliance {unknown}
 E - a potion of experience
 H - a potion of degeneration {unknown}

Dungeon Overview and Level Annotations

Branches:
Dungeon (9/15)             Temple (0/1) D:5
   Lair: D:8-11         Orc: D:9-12

Altars:
Ashenzari
Dithmenos
Kikubaaqudgha
Makhleb
Nemelex Xobeh
Qazlal
Vehumet
Wu Jian
Zin
Beogh

###### ##.##.# #.....#
##.##.# #.##.# ### #.##.#
#.# #.##.# #.###########
#.##.#########..........##
#.#......@ko)......####...
#.#########÷†......#######
#.# #..#........▓......#.
#.# #...........▓....#.#.
#.# ##..▓▓▓.▓▓▓..▓..▓▓....
#.###..▓..)▓...▓▓..▓......
#.##...▓...▓...▓...▓......
##.##..▓▓▓..▓...▓..▓▓▓...#.
#.....▓...▓..▓▓▓..▓...▓..#.


You could see a wyvern (combustible) and an orc.


Message History

* * * LOW HITPOINT WARNING * * *
The wyvern bites you!
* * * LOW HITPOINT WARNING * * *
The howler monkey hits you but does no damage.
Unknown command.
You are too injured to fight recklessly!
Unknown command.
You are too injured to fight recklessly!
Unknown command.
Casting: Scorch (safe; 1% risk of failure)
Confirm with . or Enter, or press ? or * to list all spells.
Flames lash the orc wizard.
The orc wizard is burned terribly!
You kill the orc wizard!
The orc hits you but does no damage. The wyvern bites you!
* * * LOW HITPOINT WARNING * * *
The howler monkey hits you but does no damage.
Casting: Scorch (safe; 1% risk of failure)
Confirm with . or Enter, or press ? or * to list all spells.
Flames lash the howler monkey.
The howler monkey is burned terribly!
You kill the howler monkey!
The wyvern bites you!
* * * LOW HITPOINT WARNING * * *
The orc hits you but does no damage.
The wyvern bites you but does no damage.
The orc hits you but does no damage. The wyvern attacks as it pursues you!
The wyvern bites you!
* * * LOW HITPOINT WARNING * * *
The wyvern bites you!
You die...
Ignis goes out, and joins you in death.

Skill      XL: |  1  2  3  4  5  6  7  8  9 10 |
---------------+-------------------------------+-----
Armour         | 1 2 3 4 5 6 8 |  8.0
Axes           | 4 5 6 7 8 9 |  9.7
Fire Magic     | 4 5 6 7 8 9 |  9.7
Fighting       | 4 5 6 7 8 |  8.9
Spellcasting   | 2 3 4 5 |  5.0

Action                     |  1- 3 |  4- 6 |  7- 9 | 10-12 || total
---------------------------+-------+-------+-------+-------++-------
  Melee: Hand axe          |    59 |    10 |     6 |       ||    75
   Cast: Scorch            |    19 |    78 |   170 |    97 ||   364
  Evoke: Wand              |       |     1 |     4 |       ||     5
    Use: Scroll            |       |       |     9 |     1 ||    10
   Stab: Paralysed         |       |     5 |       |       ||     5
 Armour: Robe              |    51 |     1 |       |       ||    52
         Leather armour    |       |    15 |       |       ||    15
         Chain mail        |       |     1 |       |       ||     1
         Plate armour      |       |    11 |   142 |   133 ||   286
  Dodge: Dodged            |    52 |    10 |    43 |    33 ||   138

Levels and vault maps discovered:
D:1:      minmay_arrival_up_and_down, layout_loops_ring
D:2:      layout_loops_ring
D:3:      layout_basic, kennysheep_orc_chapel
D:4:      layout_loops_corners, lemuel_tele_altar, fountainhead, minmay_bent
D:5:      layout_loops_ring, minmay_temple_entry_mist,
          minmay_misc_feat_nine_boxes, uniq_ijyb
D:6:      cheibrodos_two_vegetables, layout_layer_cave,
          grunt_temple_overflow_open, uniq_edmund, uniq_pikel,
          uniq_prince_ribbit1, uniq_maggie
D:7:      layout_gridville, lemuel_doored_altar
D:8:      layout_basic, mainiacjoe_overflow_chevrons,
          mainiacjoe_overflow_24_doors, nicolae_titane, uniq_grum
D:9:      cheibrodos_helix_gallery, layout_cave_pools,
          mainiacjoe_overflow_surrounded_room,
          lemuel_mausoleum_altar_yredelemnul, mainiacjoe_overflow_alcove_2,
          minmay_lair_entry_grove, hangedman_abyss_or_decor_lesser_grid,
          nicolae_have_a_lightning_rod

Notes
Turn   | Place    | Note
-------+----------+-------------------------------------------
     0 | D:1      | cforsyth the Mountain Dwarf Cinder Acolyte began the quest
                  | for the Orb.
     0 | D:1      | Reached XP level 1. HP: 19/19 MP: 2/2
   348 | D:1      | Reached XP level 2. HP: 19/26 MP: 3/3
   351 | D:1      | Learned a level 2 spell: Scorch
   489 | D:1      | Reached skill level 1 in Armour
   725 | D:1      | Reached skill level 4 in Axes
   725 | D:1      | Reached XP level 3. HP: 26/31 MP: 1/5
   928 | D:2      | Reached skill level 4 in Fire Magic
  1251 | D:2      | Identified the -2 pair of boots of the Inviting Gods
                  | {Int+5}
  1579 | D:2      | Reached XP level 4. HP: 40/40 MP: 6/6
  2155 | D:3      | Reached skill level 4 in Fighting
  2448 | D:3      | Reached skill level 2 in Armour
  2577 | D:3      | Found a roughly hewn altar of Beogh.
  2581 | D:3      | Reached XP level 5. HP: 46/46 MP: 7/7
  2587 | D:3      | Reached skill level 2 in Spellcasting
  2976 | D:4      | Noticed a phantom
  2985 | D:4      | Killed a phantom
  2986 | D:4      | Reached XP level 6. HP: 53/53 MP: 5/9
  3142 | D:4      | Reached skill level 5 in Axes
  3142 | D:4      | Reached skill level 5 in Fire Magic
  3165 | D:4      | Reached skill level 3 in Armour
  3561 | D:4      | Found a broken altar of Ashenzari.
  4085 | D:5      | Entered Level 5 of the Dungeon
  4128 | D:5      | Reached skill level 5 in Fighting
  4128 | D:5      | Reached XP level 7. HP: 47/61 MP: 9/11
  4344 | D:5      | Noticed Ijyb
  4349 | D:4      | Reached skill level 3 in Spellcasting
  4650 | D:5      | Killed Ijyb
  4851 | D:5      | Found a staircase to the Ecumenical Temple.
  5167 | D:6      | Noticed Edmund
  5176 | D:6      | Killed Edmund
  5402 | D:6      | Reached skill level 6 in Axes
  5402 | D:6      | Reached skill level 4 in Armour
  5402 | D:6      | Reached skill level 6 in Fire Magic
  5478 | D:6      | Reached XP level 8. HP: 37/69 MP: 13/13
  5615 | D:6      | Noticed Prince Ribbit
  5628 | D:6      | Killed Prince Ribbit
  5689 | D:6      | Noticed Maggie
  5701 | D:6      | Killed Maggie
  5702 | D:6      | Reached skill level 6 in Fighting
  5702 | D:6      | Reached skill level 4 in Spellcasting
  5703 | D:6      | Reached skill level 5 in Armour
  5927 | D:6      | Found a shadowy altar of Dithmenos.
  6004 | D:6      | Found a sparkling altar of Nemelex Xobeh.
  6004 | D:6      | Found an ancient bone altar of Kikubaaqudgha.
  6005 | D:6      | Found a radiant altar of Vehumet.
  6005 | D:6      | Found a glowing silver altar of Zin.
  6030 | D:6      | Noticed Pikel
  6263 | D:6      | Reached skill level 7 in Axes
  6366 | D:6      | Killed Pikel
  6367 | D:6      | Reached skill level 7 in Fire Magic
  6367 | D:6      | Reached XP level 9. HP: 78/78 MP: 12/15
  7516 | D:7      | Reached skill level 7 in Fighting
  7628 | D:7      | Reached skill level 6 in Armour
  7768 | D:7      | Found a burning altar of Makhleb.
  7783 | D:7      | Reached skill level 8 in Axes
  7783 | D:7      | Reached skill level 8 in Fire Magic
  8071 | D:7      | Reached skill level 5 in Spellcasting
  8540 | D:8      | Identified a potion of experience
  8963 | D:8      | Reached XP level 10. HP: 88/88 MP: 14/17
  8965 | D:8      | Reached skill level 8 in Fighting
  8965 | D:8      | Reached skill level 7 in Armour
  9275 | D:8      | Found a stormy altar of Qazlal.
  9316 | D:8      | Noticed Grum
  9536 | D:8      | Killed Grum
  9537 | D:8      | Reached skill level 9 in Axes
  9537 | D:8      | Reached skill level 9 in Fire Magic
  9692 | D:8      | Got the Lessons on Rocky Austromancy
 10053 | D:8      | Found an ornate altar of the Wu Jian Council.
 10641 | D:8      | Reached skill level 8 in Armour
 10786 | D:8      | Slain by a wyvern

Vanquished Creatures
  Pikel (D:6)
  Maggie (D:6)
  A troll (D:9)
  Prince Ribbit (D:6)
  A wyvern (D:8)
  A basilisk (D:9)
  A steam dragon (D:8)
  Grum (D:8)
  2 acid dragons
  Edmund (D:6)
  4 water moccasins
  An ice beast (D:8)
  A sky beast (D:7)
  A black bear (D:6)
  3 ogres
  2 wolves (D:8)
  2 centaurs
  3 lemures (D:5)
  A phantom (D:4)
  2 bullfrogs
  2 scorpions (D:7)
  17 wights
  2 jellies
  16 killer bees
  3 howler monkeys
  A hound (D:4)
  3 bombardier beetles
  8 orc priests
  Ijyb (D:5)
  An iguana (D:5)
  6 orc wizards
  10 adders
  A gnoll (D:1)
  2 shadow imps
  3 white imps
  3 dart slugs
  2 ribbon worms
  23 orcs
  5 bats
  5 endoplasms
  2 giant cockroaches
  7 hobgoblins
  3 jackals (D:4)
  9 kobolds
  5 quokkas
  5 ball pythons
  5 goblins
  2 rats
183 creatures vanquished.

Vanquished Creatures (others)
  A wight (D:8)
1 creature vanquished.

Grand Total: 184 creatures vanquished

Table legend: (Time is in decaauts)
 A = Elapsed time spent in this place.
 B = Non-inter-level travel time spent in this place.
 C = Inter-level travel time spent in this place.
 D = Time resting spent in this place.
 E = Time spent auto-exploring this place.
 F = Levels seen in this place.
 G = Mean time per level.
                   A        B        C        D        E       F      G
               +--------+--------+--------+--------+--------+-----+--------+
         Total |  10829 |  10460 |    369 |   2003 |   6980 |   9 | 1203.2 |
       Dungeon |  10829 |  10460 |    369 |   2003 |   6980 |   9 | 1203.2 |
               +--------+--------+--------+--------+--------+-----+--------+

Top non-repeatable levels by time:
     D:6: 2179 daAuts
     D:8: 1754 daAuts
     D:4: 1652 daAuts
     D:7: 1413 daAuts
     D:2: 1059 daAuts
     D:1: 913 daAuts
     D:5: 910 daAuts
     D:3: 779 daAuts
     D:9: 166 daAuts

Table legend:
 A = Non-vault XP
 B = Vault XP
 C = Vault XP percentage of total XP
 D = Non-vault monster count
 E = Vault monster count
 F = Vault count percentage of total count
                 A         B        C        D         E       F
            +---------+---------+-------+---------+---------+-------
      Total |    5539 |    3252 |  37.0 |     153 |      28 |  15.5
            +---------+---------+-------+---------+---------+-------
        D:1 |      41 |       0 |   0.0 |      14 |       0 |   0.0
        D:2 |      77 |       0 |   0.0 |      17 |       0 |   0.0
        D:3 |      75 |      50 |  40.0 |      12 |       4 |  25.0
        D:4 |     562 |      14 |   2.4 |      23 |       7 |  23.3
        D:5 |     172 |      36 |  17.3 |       4 |       1 |  20.0
        D:6 |     862 |    1606 |  65.1 |      20 |       7 |  25.9
        D:7 |    1230 |       0 |   0.0 |      26 |       0 |   0.0
        D:8 |    2280 |     765 |  25.1 |      33 |       5 |  13.2
        D:9 |     240 |     781 |  76.5 |       4 |       4 |  50.0
            +---------+---------+-------+---------+---------+-------
